 Dungeon Crawl Stone Soup version 0.27-a0-334-g52645efa06 (webtiles) character file.

Game seed: 15198491606887728650

7 sahdkjhfkaj the Poker (level 2, -1/36 HPs)
             Began as a Merfolk Berserker on Feb 13, 2021.
             Was a Follower of Trog.
             Slain by an orc warrior
             ... wielding a +0 long sword
              (8 damage)
             ... on level 3 of the Dungeon.
             The game lasted 00:00:31 (201 turns).

sahdkjhfkaj the Poker (Merfolk Berserker)            Turns: 201, Time: 00:00:32

Health: -1/36      AC:  2    Str: 17    XL:     2   Next: 0%
Magic:  2/2        EV: 13    Int:  6    God:    Trog [*.....]
Gold:   39         SH:  0    Dex: 13    Spells: 1/1 levels left

rFire    . . .     SeeInvis .   a - +0 spear
rCold    . . .     Faith    .   (no shield)
rNeg     . . .     Spirit   .   b - +0 animal skin
rPois    .         Reflect  .   (no helmet)
rElec    .         Harm     .   (no cloak)
rCorr    .         Rampage  .   (no gloves)
Will     .....                  (no boots)
Stlth    ..........             (no amulet)
HPRegen  0.12/turn              (no ring)
MPRegen  0.08/turn              (no ring)

@: berserking, very quick
A: change form in water, swift swim, stealthy swim
a: Renounce Religion, Berserk


You were on level 3 of the Dungeon.
You worshipped Trog.
Trog was aware of your devotion.
You visited 1 branch of the dungeon, and saw 3 of its levels.

You collected 39 gold pieces.

Inventory:

Hand Weapons
 a - a +0 spear (weapon)
Armour
 b - a +0 animal skin (worn)


   Skills:
 - Level 3.2 Fighting
 + Level 5.1 Polearms
 - Level 1.3 Armour
 - Level 2.6 Dodging


You had one spell level left.
You didn't know any spells.
Your spell library was empty.

Dungeon Overview and Level Annotations

Branches:
Dungeon (3/15)

Altars:


Message History

The orc warrior misses you.
A red film seems to cover your vision as you go berserk!
You feel yourself moving faster!
You feel mighty! The orc misses you.
Reach: a) +0 spear
Press: ? - help, Dir - move target, f - orc wizard
Aim: an orc wizard, wielding a +0 dagger and wearing a +0 robe (lightly wounded, about 44% to evade your +0 spear)
You reach to attack!
You closely miss the orc wizard.
The orc wizard is lightly wounded.
The orc closely misses you.
Unknown command.
Reach: a) +0 spear
Press: ? - help, Dir - move target, f/p - orc wizard
Aim: an orc wizard, wielding a +0 dagger and wearing a +0 robe (lightly wounded, about 44% to evade your +0 spear)
The orc is in the way.
You puncture the orc!
You kill the orc!
Trog accepts your kill.
Your Polearms skill increases to level 5!
You have reached level 2!
Unknown command.
You barely miss the orc warrior.
Unknown command.
You hit the orc warrior but do no damage.
The orc warrior closely misses you.
Unknown command.
You closely miss the orc warrior.
Unknown command.
You puncture the orc warrior!
The orc warrior is moderately wounded.
The orc warrior barely misses you.
Unknown command.
You hit the orc warrior but do no damage.
The orc warrior is moderately wounded.
The orc wizard gestures at itself while chanting.
The orc wizard flickers and vanishes!
Deactivating autopickup; reactivate with Ctrl-A.
Unknown command.
You hit the orc warrior.
The orc warrior is heavily wounded.
The orc warrior hits you with a +0 long sword!
You die...

### ... ....# #.#
.. ....#.#.##.#
#....#!##.#
##...#.##.#
......##.# #
#(..##.# .#
##.w##.##<##.#
#..{o@.......#
.?....o##..#####
##....###..#
#...#. #.<.#
....##. #.#.# ####
#. #...# #.
##..########
.###..<†.†...#
#.........###.####


You could see an orc warrior, a worm and an orc.

Vanquished Creatures
  An orc (D:3)
  2 jackals (D:3)
  2 bats (D:1)
  A rat (D:3)
6 creatures vanquished.

Notes
Turn   | Place    | Note
-------+----------+-------------------------------------------
     0 | D:1      | sahdkjhfkaj the Merfolk Berserker began the quest for the
                  | Orb.
     0 | D:1      | Reached XP level 1. HP: 18/18 MP: 1/1
   185 | D:3      | Noticed an orc warrior
   185 | D:3      | Noticed an orc wizard
   196 | D:3      | Reached skill level 5 in Polearms
   196 | D:3      | Reached XP level 2. HP: 7/24 MP: 2/2
   201 | D:3      | Slain by an orc warrior

Illustrated notes

Levels and vault maps discovered:
D:1:      sevenhm_arrival_forest_fort_small_6, layout_loops_ring, serial_glass,
          glass_columns_a, glass_columns_b
D:2:      minmay_alternating_diamond, layout_rooms
D:3:      layout_loops_ring, chequers_ecumenical_altar_island,
          nrook_mini_vaults, okawaru_ov_weapons_minmay, uniq_ijyb

Skill      XL: |  1 |
---------------+----+-----
Polearms       | 5 |  5.1
Fighting       | |  3.2
Armour         | |  1.3
Dodging        | |  2.6

Action                   || total
-------------------------++-------
Melee: Spear             ||    24
Invok: Berserk           ||     1
 Stab: Sleeping          ||     1
Armor: Animal skin       ||     2
Dodge: Dodged            ||    20

Table legend: (Time is in decaauts)
 A = Elapsed time spent in this place.
 B = Non-inter-level travel time spent in this place.
 C = Inter-level travel time spent in this place.
 D = Time resting spent in this place.
 E = Time spent auto-exploring this place.
 F = Levels seen in this place.
 G = Mean time per level.
                   A        B        C        D        E       F      G
               +--------+--------+--------+--------+--------+-----+--------+
         Total |    195 |    195 |      0 |      0 |    138 |   3 |   65.0 |
       Dungeon |    195 |    195 |      0 |      0 |    138 |   3 |   65.0 |
               +--------+--------+--------+--------+--------+-----+--------+

Top non-repeatable levels by time:
     D:3: 120 daAuts
     D:1: 67 daAuts
     D:2: 7 daAuts
